Tappara Tampere vs Abbotsford Heat
Created - Thursday, February 27, 2025 at 07:57
Goals
|
| Tappara Tampere |
1 |
3 |
0 |
4 |
| Abbotsford Heat |
3 |
1 |
3 |
7 |
|
Shots
|
| Tappara Tampere |
12 |
16 |
7 |
35 |
| Abbotsford Heat |
12 |
11 |
15 |
38 |
|
1st period
1. Abbotsford Heat , Dennis Gilbert 1 (Devin Shore 20, Ben Meyers 9) at 1:39 (PP)
2. Tappara Tampere , Dominik Kubalik 7 (Jakob Silfverberg 8, Jayson Megna 17) at 11:44 (PP)
3. Abbotsford Heat , Daniil Miromanov 1 (Rafael Harvey-Pinard 19, Garnet Hathaway 15) at 16:18
4. Abbotsford Heat , Garnet Hathaway 15 (Rafael Harvey-Pinard 20, Nicolas Petan 17) at 16:22
Penalties :
Calvin De Haan (TAP) for Delaying the game (Minor) at 0:34, Klim Kostin (TAP) for Hooking (Minor) at 4:41, Nikita Nesterenko (ABH) for Fighting (Major) at 6:59, Andrew Cogliano (TAP) for Fighting (Major) at 6:59, Andrew Cogliano (TAP) for instigated a fight (Minor) at 6:59, Andrew Cogliano (TAP) for instigated and being the aggresor in a fight (20 Minutes Game Misconduct) at 6:59, Matvei Petrov (ABH) for Holding (Minor) at 11:39, Rafael Harvey-Pinard (ABH) for Tripping (Minor) at 17:55
2nd period
5. Tappara Tampere , Mattias Janmark 10 (John Klingberg 13, Zach Parise 13) at 1:06
6. Abbotsford Heat , Benoit-Olivier Groulx 9 (Nikita Nesterenko 9, Pheonix Copley) at 1:56
7. Tappara Tampere , Kent Johnson 5 (Sam Carrick 4, John Klingberg 14) at 5:57
8. Tappara Tampere , Dominik Kubalik 8 (Sam Carrick 5) at 19:52
Penalties :
Dennis Gilbert (ABH) for Tripping (Minor) at 2:56
3rd period
9. Abbotsford Heat , Benoit-Olivier Groulx 10 (Nikita Nesterenko 10, Pheonix Copley) at 8:54
10. Abbotsford Heat , Ben Meyers 19 (Devin Shore 21) at 10:11 (PP)
11. Abbotsford Heat , Nicolas Petan 15 (Garnet Hathaway 16, Rafael Harvey-Pinard 21) at 12:06
Penalties :
Nikita Nesterenko (ABH) for Hooking (Minor) at 2:42, Mattias Janmark (TAP) for Tripping (Minor) at 9:44, Matvei Petrov (ABH) for Holding (Minor) at 19:29
Goalie Stats
Chris Driedger (TAP), 31 saves from 38 shots - (0.816), L, 3-6-1, 60:00 minutes
Pheonix Copley (ABH), 31 saves from 35 shots - (0.886), W, 13-4-3, 60:00 minutes
Players Stats for Tappara Tampere
Player Name G A P +/- PIM S H SB GA TA FO MP PP MP PK MP
------------------------------------------------------------------------------------
0 0 0 0 0 0 0 0 0 0 0/0 0:00 0:00 0:00
Andreas Englund 0 0 0 -2 0 0 2 0 0 2 0/0 17:27 0:00 3:17
Andrew Cogliano 0 0 0 0 27 0 0 0 0 0 0/0 1:19 0:00 0:00
Ben Hutton 0 0 0 1 0 1 1 1 0 1 0/0 20:17 3:18 0:00
Calvin De Haan 0 0 0 -1 2 2 1 1 0 1 0/0 22:15 3:14 2:13
Dominik Kubalik 2 0 2 0 0 4 2 0 2 0 0/0 10:27 3:05 0:00
Jakob Silfverberg 0 1 1 -1 0 2 1 0 2 1 0/1 18:58 3:05 2:42
Jan Rutta 0 0 0 -1 0 2 1 0 0 0 0/0 22:23 3:14 2:45
Jayson Megna 0 1 1 1 0 3 2 0 0 1 8/13 16:11 3:05 0:00
John Klingberg 0 2 2 1 0 4 0 2 1 0 0/0 20:17 3:18 0:00
Kent Johnson 1 0 1 -2 0 4 1 0 0 1 1/12 14:58 0:15 0:07
Klim Kostin 0 0 0 -2 2 2 3 0 0 0 0/1 15:06 0:24 0:00
Logan Stankoven 0 0 0 -1 0 1 1 0 0 0 8/14 16:50 3:12 0:00
Mattias Janmark 1 0 1 1 2 2 2 0 1 0 0/0 15:36 0:00 2:26
Sam Carrick 0 2 2 -1 0 1 2 2 0 1 6/11 17:44 0:00 2:41
Sebastian J Aho 0 0 0 -2 0 0 1 1 0 0 0/0 17:20 0:00 2:45
Tomas Nosek 0 0 0 0 0 1 1 0 0 0 1/2 10:04 0:00 2:42
William Eklund 0 0 0 -2 0 1 0 0 0 0 2/4 19:43 3:18 0:22
Zach Parise 0 1 1 1 0 5 3 0 2 0 0/2 17:31 3:12 0:00
Players Stats for Abbotsford Heat
Player Name G A P +/- PIM S H SB GA TA FO MP PP MP PK MP
------------------------------------------------------------------------------------
0 0 0 0 0 0 0 0 0 0 0/0 0:00 0:00 0:00
Ben Meyers 1 1 2 0 0 3 1 1 1 0 0/1 16:51 2:31 0:00
Benoit-Olivier Groulx 2 0 2 -1 0 6 4 0 0 1 4/7 13:40 0:00 1:20
Daniil Miromanov 1 0 1 1 0 3 2 3 2 2 0/0 22:47 2:49 3:10
Dennis Gilbert 1 0 1 0 2 1 1 0 0 0 0/0 22:45 2:49 2:11
Devin Shore 0 2 2 0 0 5 1 1 0 0 8/15 20:02 2:30 3:12
Gabriel Fortier 0 0 0 0 0 0 0 0 2 0 0/0 11:06 0:00 0:00
Garnet Hathaway 1 2 3 2 0 7 3 2 1 1 3/6 20:22 2:50 2:59
Gavin Bayreuther 0 0 0 0 0 0 1 0 0 1 0/0 14:54 0:00 0:40
Lucas Condotta 0 0 0 0 0 0 2 0 0 0 0/0 9:29 0:10 0:30
Luke Toporowski 0 0 0 0 0 0 0 1 0 0 0/0 7:52 0:00 0:00
Matvei Petrov 0 0 0 0 4 1 2 0 0 1 0/1 16:49 2:31 0:00
Nicolas Petan 1 1 2 3 0 3 1 0 1 0 16/22 19:08 2:59 2:45
Nikita Nesterenko 0 2 2 0 7 1 0 0 0 0 0/1 10:22 0:00 0:00
Rafael Harvey-Pinard 0 3 3 3 2 4 1 0 1 0 0/2 18:33 2:50 2:18
Tyler Wotherspoon 0 0 0 1 0 4 1 3 0 1 0/0 22:59 2:41 3:22
Uvis Balinskis 0 0 0 2 0 0 3 0 0 1 0/0 22:45 2:41 3:41
Vincent Iorio 0 0 0 -1 0 0 0 0 0 0 0/0 14:51 0:00 0:00
Xavier Simoneau 0 0 0 0 0 0 0 0 0 0 3/5 8:07 0:09 0:00
3 Stars
1 - Garnet Hathaway (ABH)
2 - Nicolas Petan (ABH)
3 - Benoit-Olivier Groulx (ABH)
Power Play
Tappara Tampere - 1 on 5 Attempt(s) - 20.00%
Abbotsford Heat - 2 on 4 Attempt(s) - 50.00%
Penalty Kill
Tappara Tampere - 2 on 4 Attempt(s) - 50.00%
- Score 0 goal in Penalty Kill
Abbotsford Heat - 4 on 5 Attempt(s) - 80.00%
- Score 0 goal in Penalty Kill
Team Stat
Tappara Tampere - Hits : 24 - Faceoff Wins : 26 - Blocked Shots : 7 - Penalty Minutes : 33
Abbotsford Heat - Hits : 23 - Faceoff Wins : 34 - Blocked Shots : 11 - Penalty Minutes : 15
Official
Referees : Wes Mccauley and Pierre Lambert
Linesman : Jonathan Deschamps and Mitchell Hunt
Game Notes
Nikita Nesterenko and Andrew Cogliano fight to a draw at 6:59 of 1st period
Andrew Cogliano (TAP) for instigated and being the aggresor in a fight (20 Minutes Game Misconduct) at 6:59
Andrew Cogliano ejected from game at 6:59 of 1st period
Tappara Tampere
5 vs 5 Forward
Center Left Wing Right Wing Time % Phy DF OF
1 Logan Stankoven William Eklund Jakob Silfverberg 30 0 0 5
2 Jayson Megna Zach Parise Mattias Janmark 30 0 1 4
3 Kent Johnson Andrew Cogliano Klim Kostin 28 0 1 4
4 Sam Carrick Tomas Nosek Dominik Kubalik 12 1 2 2
5 vs 5 Defense
Defense Defense Time % Phy DF OF
1 Jan Rutta Calvin De Haan 35 1 2 2
2 John Klingberg Ben Hutton 35 1 2 2
3 Sebastian J Aho Andreas Englund 30 1 2 2
4 Jan Rutta Calvin De Haan 0 1 2 2
PowerPlay Forward
Center Left Wing Right Wing Time % Phy DF OF
1 Logan Stankoven William Eklund Zach Parise 50 0 0 5
2 Jayson Megna Jakob Silfverberg Dominik Kubalik 50 0 0 5
PowerPlay Defense
Defense Defense Time % Phy DF OF
1 Jan Rutta Calvin De Haan 50 0 0 5
2 John Klingberg Ben Hutton 50 0 0 5
Penalty Kill 4 Players Forward
Center Wing Time % Phy DF OF
1 Tomas Nosek Jakob Silfverberg 50 1 2 2
2 Sam Carrick Mattias Janmark 50 1 2 2
Penalty Kill 4 Players Defense
Defense Defense Time % Phy DF OF
1 Jan Rutta Andreas Englund 50 0 0 5
2 Calvin De Haan Sebastian J Aho 50 0 5 0
Penalty Kill - 3 Players Forward
Forward Time % Phy DF OF
1 Sam Carrick 50 0 5 0
2 Tomas Nosek 50 0 5 0
Penalty Kill - 3 Players Defense
Defense Defense Time % Phy DF OF
1 Jan Rutta Andreas Englund 50 0 5 0
2 Sebastian J Aho Calvin De Haan 50 0 5 0
4 vs 4 Forward
Center Wing Time % Phy DF OF
1 William Eklund Zach Parise 50 0 1 4
2 Jakob Silfverberg Logan Stankoven 50 0 1 4
4 vs 4 Defense
Defense Defense Time % Phy DF OF
1 Jan Rutta Calvin De Haan 50 1 4 0
2 John Klingberg Ben Hutton 50 1 4 0
Last Minutes Offensive
Center Left Wing Right Wing Defense Defense
Logan Stankoven William Eklund Zach Parise Jan Rutta Calvin De Haan
Last Minutes Defensive
Center Left Wing Right Wing Defense Defense
Logan Stankoven William Eklund Zach Parise Jan Rutta Calvin De Haan
Goaltenders
Starting : Chris Driedger
Backup : Joel Hofer
Extra Forwards
Normal : Klim Kostin, Kent Johnson, Sam Carrick - PP : Klim Kostin, Kent Johnson - PK : Sam Carrick
Extra Defensemen
Normal : Sebastian J Aho, Andreas Englund, John Klingberg - PP : Sebastian J Aho - PK : Andreas Englund, John Klingberg
Penalty Shots
William Eklund, Zach Parise, Jakob Silfverberg, Andrew Cogliano, Logan Stankoven
Scratches
Niko Mikkola (Healthy), Roni Hirvonen (Healthy), Ville Ottavainen (Healthy), Max Sasson (Healthy), Jesper Vikman (Healthy)
Nikita Tolopilo (Healthy), Brandon Bussi (Healthy)
Abbotsford Heat
5 vs 5 Forward
Center Left Wing Right Wing Time % Phy DF OF
1 Nicolas Petan Garnet Hathaway Rafael Harvey-Pinard 30 1 2 2
2 Devin Shore Ben Meyers Matvei Petrov 30 1 2 2
3 Benoit-Olivier Groulx Gabriel Fortier Nikita Nesterenko 25 1 2 2
4 Xavier Simoneau Luke Toporowski Lucas Condotta 15 1 2 2
5 vs 5 Defense
Defense Defense Time % Phy DF OF
1 Daniil Miromanov Dennis Gilbert 35 1 2 2
2 Uvis Balinskis Tyler Wotherspoon 35 1 2 2
3 Vincent Iorio Gavin Bayreuther 30 1 2 2
4 Daniil Miromanov Dennis Gilbert 0 1 2 2
PowerPlay Forward
Center Left Wing Right Wing Time % Phy DF OF
1 Nicolas Petan Garnet Hathaway Rafael Harvey-Pinard 50 1 2 2
2 Devin Shore Ben Meyers Matvei Petrov 50 1 2 2
PowerPlay Defense
Defense Defense Time % Phy DF OF
1 Daniil Miromanov Dennis Gilbert 50 1 2 2
2 Uvis Balinskis Tyler Wotherspoon 50 1 2 2
Penalty Kill 4 Players Forward
Center Wing Time % Phy DF OF
1 Garnet Hathaway Nicolas Petan 50 1 2 2
2 Rafael Harvey-Pinard Devin Shore 50 1 2 2
Penalty Kill 4 Players Defense
Defense Defense Time % Phy DF OF
1 Daniil Miromanov Dennis Gilbert 50 1 2 2
2 Uvis Balinskis Tyler Wotherspoon 50 1 2 2
Penalty Kill - 3 Players Forward
Forward Time % Phy DF OF
1 Garnet Hathaway 50 1 2 2
2 Nicolas Petan 50 1 2 2
Penalty Kill - 3 Players Defense
Defense Defense Time % Phy DF OF
1 Daniil Miromanov Dennis Gilbert 50 1 2 2
2 Uvis Balinskis Tyler Wotherspoon 50 1 2 2
4 vs 4 Forward
Center Wing Time % Phy DF OF
1 Garnet Hathaway Nicolas Petan 50 1 2 2
2 Rafael Harvey-Pinard Devin Shore 50 1 2 2
4 vs 4 Defense
Defense Defense Time % Phy DF OF
1 Daniil Miromanov Dennis Gilbert 50 1 2 2
2 Uvis Balinskis Tyler Wotherspoon 50 1 2 2
Last Minutes Offensive
Center Left Wing Right Wing Defense Defense
Nicolas Petan Garnet Hathaway Rafael Harvey-Pinard Daniil Miromanov Dennis Gilbert
Last Minutes Defensive
Center Left Wing Right Wing Defense Defense
Nicolas Petan Garnet Hathaway Rafael Harvey-Pinard Daniil Miromanov Dennis Gilbert
Goaltenders
Starting : Pheonix Copley
Backup : Ales Stezka
Extra Forwards
Normal : Lucas Condotta, Xavier Simoneau, Benoit-Olivier Groulx - PP : Lucas Condotta, Xavier Simoneau - PK : Benoit-Olivier Groulx
Extra Defensemen
Normal : Vincent Iorio, Gavin Bayreuther, Uvis Balinskis - PP : Vincent Iorio - PK : Gavin Bayreuther, Uvis Balinskis
Penalty Shots
Garnet Hathaway, Nicolas Petan, Rafael Harvey-Pinard, Devin Shore, Benoit-Olivier Groulx
Scratches
Kyle Masters (Healthy), Tucker Robertson (Healthy), Ryan Francis (Healthy), Ivan Prosvetov (Healthy)
% Time on Ice - Tappara Tampere
Lines # - Real PCT - Wanted PCT - Time Play
Normal Forward
1 - 28% - 30% - 13:28
2 - 28% - 30% - 13:12
3 - 29% - 28% - 13:56
4 - 15% - 12% - 7:22
Normal Defense
1 - 34% - 35% - 16:24
2 - 36% - 35% - 17:24
3 - 30% - 30% - 14:10
4 - 0% - 0% - 0:00
PP Forward
1 - 51% - 50% - 3:18
2 - 49% - 50% - 3:14
PP Defense
1 - 49% - 50% - 3:14
2 - 51% - 50% - 3:18
PK Forward
1 - 49% - 50% - 2:42
2 - 51% - 50% - 2:48
PK Defense
1 - 50% - 50% - 2:45
2 - 50% - 50% - 2:45
PK3 Forward
1 - 0% - 50%
2 - 0% - 50%
PK3 Defense
1 - 0% - 50%
2 - 0% - 50%
44 Forward
1 - 0% - 50%
2 - 0% - 50%
44 Defense
1 - 0% - 50%
2 - 0% - 50%
Last Minute Offensive - 0:00
Last Minute Defensive - 0:00
Total
Forward - 60:00
Defense - 60:00
|
% Time on Ice - Abbotsford Heat
Lines # - Real PCT - Wanted PCT - Time Play
Normal Forward
1 - 31% - 30% - 14:38
2 - 30% - 30% - 14:22
3 - 23% - 25% - 11:06
4 - 16% - 15% - 7:52
Normal Defense
1 - 35% - 35% - 16:44
2 - 35% - 35% - 16:56
3 - 30% - 30% - 14:18
4 - 0% - 0% - 0:00
PP Forward
1 - 54% - 50% - 2:59
2 - 46% - 50% - 2:31
PP Defense
1 - 51% - 50% - 2:49
2 - 49% - 50% - 2:41
PK Forward
1 - 47% - 50% - 3:03
2 - 53% - 50% - 3:29
PK Defense
1 - 48% - 50% - 3:10
2 - 52% - 50% - 3:22
PK3 Forward
1 - 0% - 50%
2 - 0% - 50%
PK3 Defense
1 - 0% - 50%
2 - 0% - 50%
44 Forward
1 - 0% - 50%
2 - 0% - 50%
44 Defense
1 - 0% - 50%
2 - 0% - 50%
Last Minute Offensive - 0:00
Last Minute Defensive - 0:00
Total
Forward - 60:00
Defense - 60:00
|
Play-by-Play
1st period
0:01 of 1st period - Logan Stankoven wins face-off versus Rafael Harvey-Pinard in neutral zone.
0:25 of 1st period - Daniil Miromanov is hit by Jayson Megna.
0:34 of 1st period - Minor Penalty to Calvin De Haan for Delaying the game.
0:35 of 1st period - Tomas Nosek wins face-off versus Garnet Hathaway in Tappara Tampere zone.
0:53 of 1st period - Andreas Englund is hit by Garnet Hathaway and loses puck.
1:04 of 1st period - Snap shot by Devin Shore.
1:04 of 1st period - Stopped by Chris Driedger with a rebound.
1:06 of 1st period - Snap shot by Ben Meyers.
1:06 of 1st period - Stopped by Chris Driedger without a rebound.
1:07 of 1st period - Sam Carrick wins face-off versus Devin Shore in Tappara Tampere zone.
1:07 of 1st period - Sam Carrick is hit by Matvei Petrov.
1:35 of 1st period - Wrist shot by Devin Shore.
1:35 of 1st period - Shot Misses the Net.
1:37 of 1st period - Snap shot by Devin Shore.
1:37 of 1st period - Shot Misses the Net.
1:39 of 1st period - Snap shot by Dennis Gilbert.
1:39 of 1st period - Goal by Dennis Gilbert - Tappara Tampere : 0 - Abbotsford Heat : 1.
1:40 of 1st period - Benoit-Olivier Groulx wins face-off versus Kent Johnson in neutral zone.
1:43 of 1st period - Snap shot by Benoit-Olivier Groulx.
1:43 of 1st period - Shot Misses the Net.
1:51 of 1st period - Gabriel Fortier is hit by Klim Kostin and loses puck.
2:06 of 1st period - Devin Shore is hit by Zach Parise and loses puck.
2:13 of 1st period - Wrist shot by Zach Parise.
2:13 of 1st period - Stopped by Pheonix Copley with a rebound.
2:44 of 1st period - Icing by Jakob Silfverberg.
2:45 of 1st period - Sam Carrick wins face-off versus Xavier Simoneau in Tappara Tampere zone.
2:45 of 1st period - Sam Carrick is hit by Lucas Condotta.
2:53 of 1st period - Luke Toporowski is hit by Andreas Englund and loses puck.
4:00 of 1st period - Dennis Gilbert is hit by Mattias Janmark and loses puck.
4:19 of 1st period - Snap shot by Devin Shore.
4:19 of 1st period - Shot Hit the Post.
4:21 of 1st period - Snap shot by Gavin Bayreuther.
4:21 of 1st period - Deflect By Devin Shore.
4:21 of 1st period - Shot Blocked by Sam Carrick.
4:21 of 1st period - Puck is out of play.
4:22 of 1st period - Nicolas Petan wins face-off versus Sam Carrick in Tappara Tampere zone.
4:23 of 1st period - Snap shot by Garnet Hathaway.
4:23 of 1st period - Stopped by Chris Driedger without a rebound.
4:24 of 1st period - Nicolas Petan wins face-off versus Kent Johnson in Tappara Tampere zone.
4:25 of 1st period - Slapshot by Garnet Hathaway.
4:25 of 1st period - Stopped by Chris Driedger without a rebound.
4:26 of 1st period - Nicolas Petan wins face-off versus Klim Kostin in Tappara Tampere zone.
4:31 of 1st period - Wrist shot by Garnet Hathaway.
4:31 of 1st period - Deflect By Nicolas Petan.
4:31 of 1st period - Shot Misses the Net.
4:31 of 1st period - Puck is out of play.
4:32 of 1st period - Nicolas Petan wins face-off versus Kent Johnson in Tappara Tampere zone.
4:39 of 1st period - Snap shot by Rafael Harvey-Pinard.
4:39 of 1st period - Stopped by Chris Driedger with a rebound.
4:41 of 1st period - Minor Penalty to Klim Kostin for Hooking.
4:42 of 1st period - Nicolas Petan wins face-off versus Sam Carrick in Tappara Tampere zone.
4:43 of 1st period - Slapshot by Garnet Hathaway.
4:43 of 1st period - Stopped by Chris Driedger without a rebound.
4:44 of 1st period - Sam Carrick wins face-off versus Garnet Hathaway in Tappara Tampere zone.
4:55 of 1st period - Wrist shot by Mattias Janmark.
4:55 of 1st period - Shot Blocked by Garnet Hathaway.
6:41 of 1st period - Penalty to Klim Kostin is over, Klim Kostin is back on ice.
6:48 of 1st period - Off-side.
6:49 of 1st period - Benoit-Olivier Groulx wins face-off versus Kent Johnson in neutral zone.
6:59 of 1st period - Nikita Nesterenko and Andrew Cogliano fight to a draw.
6:59 of 1st period - Penalty to Nikita Nesterenko for Fighting.
6:59 of 1st period - Penalty to Andrew Cogliano for Fighting.
6:59 of 1st period - Penalty to Andrew Cogliano for instigated a fight.
6:59 of 1st period - Penalty to Andrew Cogliano for instigated and being the aggresor in a fight.
6:59 of 1st period - Andrew Cogliano is ejected from game.
7:00 of 1st period - Nicolas Petan wins face-off versus Sam Carrick in neutral zone.
7:09 of 1st period - Wrist shot by Rafael Harvey-Pinard.
7:09 of 1st period - Stopped by Chris Driedger without a rebound.
7:10 of 1st period - Nicolas Petan wins face-off versus Sam Carrick in Tappara Tampere zone.
7:13 of 1st period - Wrist shot by Rafael Harvey-Pinard.
7:13 of 1st period - Stopped by Chris Driedger with a rebound.
7:15 of 1st period - Snap shot by Rafael Harvey-Pinard.
7:15 of 1st period - Shot Misses the Net.
7:58 of 1st period - Sebastian J Aho is hit by Matvei Petrov and loses puck.
8:59 of 1st period - Penalty to Andrew Cogliano is over, Klim Kostin is send on ice.
9:07 of 1st period - Slapshot by Mattias Janmark.
9:07 of 1st period - Stopped by Pheonix Copley with a rebound.
9:09 of 1st period - Wrist shot by Sebastian J Aho.
9:09 of 1st period - Shot Misses the Net.
9:11 of 1st period - Slapshot by Calvin De Haan.
9:11 of 1st period - Stopped by Pheonix Copley with a rebound.
9:13 of 1st period - Slapshot by Kent Johnson.
9:13 of 1st period - Shot Misses the Net.
9:15 of 1st period - Slapshot by William Eklund.
9:15 of 1st period - Stopped by Pheonix Copley without a rebound.
9:16 of 1st period - Xavier Simoneau wins face-off versus Kent Johnson in Abbotsford Heat zone.
9:16 of 1st period - Xavier Simoneau is hit by Kent Johnson.
9:40 of 1st period - Lucas Condotta is hit by Mattias Janmark and loses puck.
10:22 of 1st period - Devin Shore is hit by Sam Carrick and loses puck.
11:39 of 1st period - Minor Penalty to Matvei Petrov for Holding.
11:40 of 1st period - Jayson Megna wins face-off versus Rafael Harvey-Pinard in Abbotsford Heat zone.
11:44 of 1st period - Snap shot by Dominik Kubalik.
11:44 of 1st period - Goal by Dominik Kubalik - Tappara Tampere : 1 - Abbotsford Heat : 1.
11:45 of 1st period - Nicolas Petan wins face-off versus Logan Stankoven in neutral zone.
11:56 of 1st period - Snap shot by Jakob Silfverberg.
11:56 of 1st period - Shot Misses the Net.
12:19 of 1st period - Snap shot by Jayson Megna.
12:19 of 1st period - Stopped by Pheonix Copley with a rebound.
12:21 of 1st period - Snap shot by Zach Parise.
12:21 of 1st period - Stopped by Pheonix Copley with a rebound.
12:39 of 1st period - Snap shot by Kent Johnson.
12:39 of 1st period - Stopped by Pheonix Copley with a rebound.
12:41 of 1st period - Wrist shot by Sam Carrick.
12:41 of 1st period - Shot Misses the Net.
13:07 of 1st period - Zach Parise is hit by Rafael Harvey-Pinard and loses puck.
13:24 of 1st period - Matvei Petrov is hit by Klim Kostin and loses puck.
13:52 of 1st period - Gavin Bayreuther is hit by Jakob Silfverberg and loses puck.
14:08 of 1st period - Icing by Nicolas Petan.
14:09 of 1st period - Jayson Megna wins face-off versus Devin Shore in Abbotsford Heat zone.
14:20 of 1st period - Snap shot by Zach Parise.
14:20 of 1st period - Stopped by Pheonix Copley with a rebound.
14:22 of 1st period - Slapshot by Zach Parise.
14:22 of 1st period - Shot Misses the Net.
14:34 of 1st period - Gavin Bayreuther is hit by Andreas Englund and loses puck.
14:39 of 1st period - Slapshot by William Eklund.
14:39 of 1st period - Shot Misses the Net.
14:41 of 1st period - Slapshot by William Eklund.
14:41 of 1st period - Shot Blocked by Devin Shore.
14:43 of 1st period - Slapshot by Jan Rutta.
14:43 of 1st period - Stopped by Pheonix Copley with a rebound.
14:45 of 1st period - Slapshot by Calvin De Haan.
14:45 of 1st period - Shot Blocked by Ben Meyers.
14:57 of 1st period - Snap shot by Klim Kostin.
14:57 of 1st period - Shot Misses the Net.
14:59 of 1st period - Wrist shot by Calvin De Haan.
14:59 of 1st period - Shot Misses the Net.
15:01 of 1st period - Slapshot by Kent Johnson.
15:01 of 1st period - Stopped by Pheonix Copley without a rebound.
15:02 of 1st period - Nicolas Petan wins face-off versus Kent Johnson in Abbotsford Heat zone.
15:38 of 1st period - Snap shot by William Eklund.
15:38 of 1st period - Shot Misses the Net.
16:14 of 1st period - Slapshot by Rafael Harvey-Pinard.
16:14 of 1st period - Shot Misses the Net.
16:16 of 1st period - Snap shot by Rafael Harvey-Pinard.
16:16 of 1st period - Stopped by Chris Driedger with a rebound.
16:18 of 1st period - Snap shot by Daniil Miromanov.
16:18 of 1st period - Deflect By Calvin De Haan.
16:18 of 1st period - Goal by Daniil Miromanov - Tappara Tampere : 1 - Abbotsford Heat : 2.
16:19 of 1st period - Nicolas Petan wins face-off versus Logan Stankoven in neutral zone.
16:22 of 1st period - Snap shot by Garnet Hathaway.
16:22 of 1st period - Goal by Garnet Hathaway - Tappara Tampere : 1 - Abbotsford Heat : 3.
16:23 of 1st period - Logan Stankoven wins face-off versus Nicolas Petan in neutral zone.
16:48 of 1st period - Devin Shore is hit by Zach Parise and loses puck.
17:08 of 1st period - Off-side.
17:09 of 1st period - Kent Johnson wins face-off versus Xavier Simoneau in neutral zone.
17:12 of 1st period - Snap shot by Klim Kostin.
17:12 of 1st period - Stopped by Pheonix Copley without a rebound.
17:13 of 1st period - Xavier Simoneau wins face-off versus Kent Johnson in Abbotsford Heat zone.
17:13 of 1st period - Xavier Simoneau is hit by Sam Carrick.
17:47 of 1st period - Wrist shot by Jakob Silfverberg.
17:47 of 1st period - Shot Misses the Net.
17:55 of 1st period - Minor Penalty to Rafael Harvey-Pinard for Tripping.
17:56 of 1st period - Garnet Hathaway wins face-off versus Zach Parise in Abbotsford Heat zone.
18:11 of 1st period - Slapshot by Logan Stankoven.
18:11 of 1st period - Shot Misses the Net.
18:59 of 1st period - Garnet Hathaway is hit by Dominik Kubalik and loses puck.
19:55 of 1st period - Penalty to Rafael Harvey-Pinard is over, Rafael Harvey-Pinard is back on ice.
Goals for this period are 1 for Tappara Tampere vs 3 for Abbotsford Heat.
Shots for this period are 12 for Tappara Tampere vs 12 for Abbotsford Heat.
2nd period
0:01 of 2nd period - Jayson Megna wins face-off versus Nicolas Petan in neutral zone.
0:25 of 2nd period - Jakob Silfverberg is hit by Uvis Balinskis and loses puck.
0:48 of 2nd period - Off-side.
0:49 of 2nd period - Sam Carrick wins face-off versus Nicolas Petan in neutral zone.
0:54 of 2nd period - Slapshot by Tomas Nosek.
0:54 of 2nd period - Shot Blocked by Daniil Miromanov.
0:56 of 2nd period - Slapshot by Ben Hutton.
0:56 of 2nd period - Shot Misses the Net.
0:58 of 2nd period - Snap shot by Dominik Kubalik.
0:58 of 2nd period - Stopped by Pheonix Copley without a rebound.
0:59 of 2nd period - Jayson Megna wins face-off versus Nicolas Petan in Abbotsford Heat zone.
1:00 of 2nd period - Backhand shot by Mattias Janmark.
1:00 of 2nd period - Shot Misses the Net.
1:02 of 2nd period - Snap shot by Jayson Megna.
1:02 of 2nd period - Stopped by Pheonix Copley with a rebound.
1:04 of 2nd period - Snap shot by Zach Parise.
1:04 of 2nd period - Stopped by Pheonix Copley with a rebound.
1:06 of 2nd period - Snap shot by John Klingberg.
1:06 of 2nd period - Deflect By Mattias Janmark.
1:06 of 2nd period - Goal by Mattias Janmark - Tappara Tampere : 2 - Abbotsford Heat : 3.
1:07 of 2nd period - Nicolas Petan wins face-off versus William Eklund in neutral zone.
1:37 of 2nd period - Nikita Nesterenko is hit by Jayson Megna.
1:56 of 2nd period - Snap shot by Benoit-Olivier Groulx.
1:56 of 2nd period - Goal by Benoit-Olivier Groulx - Tappara Tampere : 2 - Abbotsford Heat : 4.
1:57 of 2nd period - Logan Stankoven wins face-off versus Nicolas Petan in neutral zone.
1:59 of 2nd period - 10 Minutes Misconduct Penalty to Andrew Cogliano is over.
2:05 of 2nd period - Wrist shot by Logan Stankoven.
2:05 of 2nd period - Stopped by Pheonix Copley with a rebound.
2:07 of 2nd period - Slapshot by Calvin De Haan.
2:07 of 2nd period - Stopped by Pheonix Copley with a rebound.
2:09 of 2nd period - Snap shot by Jakob Silfverberg.
2:09 of 2nd period - Stopped by Pheonix Copley without a rebound.
2:10 of 2nd period - Jayson Megna wins face-off versus Devin Shore in Abbotsford Heat zone.
2:56 of 2nd period - Minor Penalty to Dennis Gilbert for Tripping.
2:57 of 2nd period - Garnet Hathaway wins face-off versus Jayson Megna in Abbotsford Heat zone.
4:56 of 2nd period - Penalty to Dennis Gilbert is over, Dennis Gilbert is back on ice.
4:56 of 2nd period - Tyler Wotherspoon is hit by Klim Kostin and loses puck.
5:03 of 2nd period - Snap shot by Garnet Hathaway.
5:03 of 2nd period - Stopped by Chris Driedger with a rebound.
5:05 of 2nd period - Snap shot by Benoit-Olivier Groulx.
5:05 of 2nd period - Shot Blocked by Ben Hutton.
5:07 of 2nd period - Backhand shot by Benoit-Olivier Groulx.
5:07 of 2nd period - Shot Blocked by Sam Carrick.
5:09 of 2nd period - Slapshot by Gavin Bayreuther.
5:09 of 2nd period - Shot Misses the Net.
5:27 of 2nd period - Wrist shot by Benoit-Olivier Groulx.
5:27 of 2nd period - Shot Blocked by John Klingberg.
5:29 of 2nd period - Snap shot by Tyler Wotherspoon.
5:29 of 2nd period - Deflect By Kent Johnson.
5:29 of 2nd period - Stopped by Chris Driedger with a rebound.
5:31 of 2nd period - Backhand shot by Benoit-Olivier Groulx.
5:31 of 2nd period - Stopped by Chris Driedger with a rebound.
5:53 of 2nd period - Backhand shot by John Klingberg.
5:53 of 2nd period - Shot Misses the Net.
5:55 of 2nd period - Slapshot by John Klingberg.
5:55 of 2nd period - Stopped by Pheonix Copley with a rebound.
5:57 of 2nd period - Wrist shot by Sam Carrick.
5:57 of 2nd period - Deflect By Kent Johnson.
5:57 of 2nd period - Goal by Kent Johnson - Tappara Tampere : 3 - Abbotsford Heat : 4.
5:58 of 2nd period - Devin Shore wins face-off versus Jayson Megna in neutral zone.
6:27 of 2nd period - Gavin Bayreuther is hit by Calvin De Haan and loses puck.
6:50 of 2nd period - Snap shot by Tomas Nosek.
6:50 of 2nd period - Stopped by Pheonix Copley with a rebound.
7:05 of 2nd period - Slapshot by Zach Parise.
7:05 of 2nd period - Shot Misses the Net.
7:32 of 2nd period - Slapshot by Nicolas Petan.
7:32 of 2nd period - Stopped by Chris Driedger with a rebound.
7:48 of 2nd period - Wrist shot by Tomas Nosek.
7:48 of 2nd period - Shot Misses the Net.
7:50 of 2nd period - Snap shot by Dominik Kubalik.
7:50 of 2nd period - Stopped by Pheonix Copley with a rebound.
9:01 of 2nd period - Uvis Balinskis is hit by Zach Parise and loses puck.
9:24 of 2nd period - Wrist shot by Logan Stankoven.
9:24 of 2nd period - Shot Blocked by Luke Toporowski.
10:09 of 2nd period - Jayson Megna is hit by Garnet Hathaway and loses puck.
10:22 of 2nd period - Klim Kostin is hit by Benoit-Olivier Groulx and loses puck.
12:41 of 2nd period - Wrist shot by Jayson Megna.
12:41 of 2nd period - Deflect By Zach Parise.
12:41 of 2nd period - Shot Blocked by Tyler Wotherspoon.
12:41 of 2nd period - Puck is out of play.
12:42 of 2nd period - Nicolas Petan wins face-off versus Zach Parise in Abbotsford Heat zone.
12:49 of 2nd period - Slapshot by Mattias Janmark.
12:49 of 2nd period - Shot Misses the Net.
13:13 of 2nd period - Slapshot by Dominik Kubalik.
13:13 of 2nd period - Shot Misses the Net.
13:15 of 2nd period - Snap shot by Dominik Kubalik.
13:15 of 2nd period - Deflect By Sam Carrick.
13:15 of 2nd period - Stopped by Pheonix Copley with a rebound.
13:17 of 2nd period - Slapshot by Ben Hutton.
13:17 of 2nd period - Stopped by Pheonix Copley without a rebound.
13:18 of 2nd period - Sam Carrick wins face-off versus Nikita Nesterenko in Abbotsford Heat zone.
13:19 of 2nd period - Slapshot by John Klingberg.
13:19 of 2nd period - Stopped by Pheonix Copley with a rebound.
13:27 of 2nd period - Wrist shot by Daniil Miromanov.
13:27 of 2nd period - Stopped by Chris Driedger with a rebound.
13:29 of 2nd period - Slapshot by Daniil Miromanov.
13:29 of 2nd period - Shot Misses the Net.
13:31 of 2nd period - Wrist shot by Gabriel Fortier.
13:31 of 2nd period - Shot Blocked by John Klingberg.
13:33 of 2nd period - Slapshot by Benoit-Olivier Groulx.
13:33 of 2nd period - Stopped by Chris Driedger with a rebound.
13:42 of 2nd period - Off-side.
13:43 of 2nd period - William Eklund wins face-off versus Devin Shore in neutral zone.
14:49 of 2nd period - Jakob Silfverberg is hit by Lucas Condotta and loses puck.
15:14 of 2nd period - Tyler Wotherspoon is hit by Tomas Nosek and loses puck.
15:52 of 2nd period - Snap shot by Jayson Megna.
15:52 of 2nd period - Stopped by Pheonix Copley with a rebound.
16:10 of 2nd period - Wrist shot by Jakob Silfverberg.
16:10 of 2nd period - Shot Misses the Net.
16:42 of 2nd period - Icing by Dennis Gilbert.
16:43 of 2nd period - Jayson Megna wins face-off versus Benoit-Olivier Groulx in Abbotsford Heat zone.
17:16 of 2nd period - Snap shot by Matvei Petrov.
17:16 of 2nd period - Shot Blocked by Sebastian J Aho.
17:18 of 2nd period - Slapshot by Devin Shore.
17:18 of 2nd period - Stopped by Chris Driedger without a rebound.
17:19 of 2nd period - Nicolas Petan wins face-off versus Logan Stankoven in Tappara Tampere zone.
17:26 of 2nd period - Slapshot by Nicolas Petan.
17:26 of 2nd period - Stopped by Chris Driedger without a rebound.
17:27 of 2nd period - Nicolas Petan wins face-off versus Logan Stankoven in Tappara Tampere zone.
17:52 of 2nd period - Snap shot by Benoit-Olivier Groulx.
17:52 of 2nd period - Deflect By Jan Rutta.
17:52 of 2nd period - Shot Misses the Net.
17:52 of 2nd period - Puck is out of play.
17:53 of 2nd period - Benoit-Olivier Groulx wins face-off versus Jayson Megna in Tappara Tampere zone.
18:17 of 2nd period - Sebastian J Aho is hit by Uvis Balinskis.
18:27 of 2nd period - Snap shot by Benoit-Olivier Groulx.
18:27 of 2nd period - Stopped by Chris Driedger without a rebound.
18:28 of 2nd period - Logan Stankoven wins face-off versus Matvei Petrov in Tappara Tampere zone.
18:28 of 2nd period - Logan Stankoven is hit by Gavin Bayreuther.
19:26 of 2nd period - Gavin Bayreuther is hit by Ben Hutton and loses puck.
19:50 of 2nd period - Icing by Gavin Bayreuther.
19:51 of 2nd period - Sam Carrick wins face-off versus Ben Meyers in Abbotsford Heat zone.
19:52 of 2nd period - Slapshot by Dominik Kubalik.
19:52 of 2nd period - Goal by Dominik Kubalik - Tappara Tampere : 4 - Abbotsford Heat : 4.
19:53 of 2nd period - Devin Shore wins face-off versus Kent Johnson in neutral zone.
19:56 of 2nd period - Slapshot by Daniil Miromanov.
19:56 of 2nd period - Deflect By Devin Shore.
19:56 of 2nd period - Stopped by Chris Driedger with a rebound.
Goals for this period are 3 for Tappara Tampere vs 1 for Abbotsford Heat.
Shots for this period are 16 for Tappara Tampere vs 11 for Abbotsford Heat.
3rd period
0:01 of 3rd period - Devin Shore wins face-off versus Kent Johnson in neutral zone.
0:04 of 3rd period - Dennis Gilbert is hit by Jan Rutta and loses puck.
1:11 of 3rd period - Snap shot by John Klingberg.
1:11 of 3rd period - Stopped by Pheonix Copley without a rebound.
1:12 of 3rd period - Devin Shore wins face-off versus Sam Carrick in Abbotsford Heat zone.
1:25 of 3rd period - Snap shot by Devin Shore.
1:25 of 3rd period - Stopped by Chris Driedger with a rebound.
1:27 of 3rd period - Slapshot by Daniil Miromanov.
1:27 of 3rd period - Stopped by Chris Driedger without a rebound.
1:28 of 3rd period - Nicolas Petan wins face-off versus Kent Johnson in Tappara Tampere zone.
1:37 of 3rd period - Snap shot by Klim Kostin.
1:37 of 3rd period - Shot Misses the Net.
1:51 of 3rd period - Devin Shore is hit by Sebastian J Aho and loses puck.
1:56 of 3rd period - Snap shot by William Eklund.
1:56 of 3rd period - Deflect By Jakob Silfverberg.
1:56 of 3rd period - Shot Misses the Net.
1:56 of 3rd period - Puck is out of play.
1:57 of 3rd period - Logan Stankoven wins face-off versus Devin Shore in Abbotsford Heat zone.
2:32 of 3rd period - Snap shot by Garnet Hathaway.
2:32 of 3rd period - Stopped by Chris Driedger without a rebound.
2:33 of 3rd period - Jayson Megna wins face-off versus Benoit-Olivier Groulx in Tappara Tampere zone.
2:33 of 3rd period - Jayson Megna is hit by Benoit-Olivier Groulx.
2:42 of 3rd period - Minor Penalty to Nikita Nesterenko for Hooking.
2:43 of 3rd period - Logan Stankoven wins face-off versus Garnet Hathaway in Abbotsford Heat zone.
3:09 of 3rd period - Zach Parise is hit by Garnet Hathaway and loses puck.
4:42 of 3rd period - Penalty to Nikita Nesterenko is over, Nikita Nesterenko is back on ice.
5:13 of 3rd period - Ben Hutton is hit by Benoit-Olivier Groulx and loses puck.
5:56 of 3rd period - Sam Carrick is hit by Dennis Gilbert and loses puck.
6:14 of 3rd period - Icing by Tyler Wotherspoon.
6:15 of 3rd period - Xavier Simoneau wins face-off versus Logan Stankoven in Abbotsford Heat zone.
6:30 of 3rd period - Wrist shot by Mattias Janmark.
6:30 of 3rd period - Shot Misses the Net.
6:32 of 3rd period - Slapshot by Jayson Megna.
6:32 of 3rd period - Shot Blocked by Tyler Wotherspoon.
6:54 of 3rd period - Nicolas Petan is hit by Dominik Kubalik and loses puck.
7:07 of 3rd period - Slapshot by Ben Meyers.
7:07 of 3rd period - Shot Misses the Net.
7:09 of 3rd period - Snap shot by Tyler Wotherspoon.
7:09 of 3rd period - Stopped by Chris Driedger without a rebound.
7:10 of 3rd period - Logan Stankoven wins face-off versus Devin Shore in Tappara Tampere zone.
7:29 of 3rd period - Jan Rutta is hit by Daniil Miromanov and loses puck.
8:54 of 3rd period - Snap shot by Benoit-Olivier Groulx.
8:54 of 3rd period - Goal by Benoit-Olivier Groulx - Tappara Tampere : 4 - Abbotsford Heat : 5.
8:55 of 3rd period - William Eklund wins face-off versus Devin Shore in neutral zone.
9:30 of 3rd period - Sebastian J Aho is hit by Devin Shore and loses puck.
9:41 of 3rd period - Slapshot by Ben Meyers.
9:41 of 3rd period - Stopped by Chris Driedger without a rebound.
9:42 of 3rd period - Jayson Megna wins face-off versus Benoit-Olivier Groulx in Tappara Tampere zone.
9:44 of 3rd period - Minor Penalty to Mattias Janmark for Tripping.
9:45 of 3rd period - Nicolas Petan wins face-off versus Tomas Nosek in Tappara Tampere zone.
10:07 of 3rd period - Wrist shot by Devin Shore.
10:07 of 3rd period - Deflect By Ben Meyers.
10:07 of 3rd period - Shot Misses the Net.
10:07 of 3rd period - Puck is out of play.
10:08 of 3rd period - Devin Shore wins face-off versus William Eklund in Tappara Tampere zone.
10:11 of 3rd period - Slapshot by Ben Meyers.
10:11 of 3rd period - Goal by Ben Meyers - Tappara Tampere : 4 - Abbotsford Heat : 6.
10:12 of 3rd period - Benoit-Olivier Groulx wins face-off versus Jayson Megna in neutral zone.
10:26 of 3rd period - Snap shot by Mattias Janmark.
10:26 of 3rd period - Shot Misses the Net.
10:28 of 3rd period - Backhand shot by Jayson Megna.
10:28 of 3rd period - Shot Misses the Net.
10:38 of 3rd period - Jan Rutta is hit by Tyler Wotherspoon.
12:00 of 3rd period - Snap shot by William Eklund.
12:00 of 3rd period - Deflect By Kent Johnson.
12:00 of 3rd period - Stopped by Pheonix Copley with a rebound.
12:06 of 3rd period - Wrist shot by Nicolas Petan.
12:06 of 3rd period - Goal by Nicolas Petan - Tappara Tampere : 4 - Abbotsford Heat : 7.
12:07 of 3rd period - Logan Stankoven wins face-off versus Nicolas Petan in neutral zone.
12:10 of 3rd period - Slapshot by John Klingberg.
12:10 of 3rd period - Stopped by Pheonix Copley with a rebound.
12:12 of 3rd period - Wrist shot by Logan Stankoven.
12:12 of 3rd period - Shot Misses the Net.
12:48 of 3rd period - Wrist shot by Garnet Hathaway.
12:48 of 3rd period - Deflect By Nicolas Petan.
12:48 of 3rd period - Shot Blocked by Calvin De Haan.
12:48 of 3rd period - Puck is out of play.
12:49 of 3rd period - Devin Shore wins face-off versus Jayson Megna in Tappara Tampere zone.
13:19 of 3rd period - Ben Hutton is hit by Benoit-Olivier Groulx.
13:27 of 3rd period - Gabriel Fortier is hit by Logan Stankoven and loses puck.
14:02 of 3rd period - Wrist shot by Zach Parise.
14:02 of 3rd period - Shot Blocked by Tyler Wotherspoon.
14:28 of 3rd period - Snap shot by Gabriel Fortier.
14:28 of 3rd period - Shot Misses the Net.
14:30 of 3rd period - Slapshot by Tyler Wotherspoon.
14:30 of 3rd period - Stopped by Chris Driedger with a rebound.
14:32 of 3rd period - Wrist shot by Tyler Wotherspoon.
14:32 of 3rd period - Stopped by Chris Driedger with a rebound.
15:07 of 3rd period - Andreas Englund is hit by Nicolas Petan and loses puck.
16:00 of 3rd period - Snap shot by Benoit-Olivier Groulx.
16:00 of 3rd period - Stopped by Chris Driedger with a rebound.
16:50 of 3rd period - Jan Rutta is hit by Uvis Balinskis and loses puck.
17:01 of 3rd period - Slapshot by Calvin De Haan.
17:01 of 3rd period - Deflect By Jakob Silfverberg.
17:01 of 3rd period - Stopped by Pheonix Copley with a rebound.
17:03 of 3rd period - Slapshot by Jan Rutta.
17:03 of 3rd period - Deflect By Devin Shore.
17:03 of 3rd period - Stopped by Pheonix Copley with a rebound.
17:13 of 3rd period - Slapshot by Nikita Nesterenko.
17:13 of 3rd period - Stopped by Chris Driedger with a rebound.
17:23 of 3rd period - Wrist shot by Gabriel Fortier.
17:23 of 3rd period - Shot Misses the Net.
17:53 of 3rd period - Andreas Englund is hit by Daniil Miromanov and loses puck.
18:11 of 3rd period - Icing by Andreas Englund.
18:12 of 3rd period - Devin Shore wins face-off versus Kent Johnson in Tappara Tampere zone.
18:13 of 3rd period - Wrist shot by Ben Meyers.
18:13 of 3rd period - Shot Misses the Net.
18:15 of 3rd period - Wrist shot by Ben Meyers.
18:15 of 3rd period - Shot Misses the Net.
18:17 of 3rd period - Snap shot by Ben Meyers.
18:17 of 3rd period - Shot Misses the Net.
18:19 of 3rd period - Snap shot by Matvei Petrov.
18:19 of 3rd period - Stopped by Chris Driedger with a rebound.
18:21 of 3rd period - Snap shot by Matvei Petrov.
18:21 of 3rd period - Shot Misses the Net.
18:23 of 3rd period - Slapshot by Devin Shore.
18:23 of 3rd period - Stopped by Chris Driedger with a rebound.
18:27 of 3rd period - Slapshot by Devin Shore.
18:27 of 3rd period - Shot Misses the Net.
18:37 of 3rd period - Slapshot by Garnet Hathaway.
18:37 of 3rd period - Stopped by Chris Driedger with a rebound.
18:54 of 3rd period - Backhand shot by Zach Parise.
18:54 of 3rd period - Stopped by Pheonix Copley with a rebound.
18:56 of 3rd period - Wrist shot by Calvin De Haan.
18:56 of 3rd period - Shot Blocked by Daniil Miromanov.
18:58 of 3rd period - Snap shot by Klim Kostin.
18:58 of 3rd period - Shot Blocked by Daniil Miromanov.
19:00 of 3rd period - Wrist shot by Klim Kostin.
19:00 of 3rd period - Shot Misses the Net.
19:02 of 3rd period - Snap shot by Kent Johnson.
19:02 of 3rd period - Shot Blocked by Garnet Hathaway.
19:06 of 3rd period - Slapshot by Klim Kostin.
19:06 of 3rd period - Stopped by Pheonix Copley without a rebound.
19:07 of 3rd period - Devin Shore wins face-off versus Logan Stankoven in Abbotsford Heat zone.
19:12 of 3rd period - Logan Stankoven is hit by Ben Meyers and loses puck.
19:29 of 3rd period - Minor Penalty to Matvei Petrov for Holding.
19:30 of 3rd period - Garnet Hathaway wins face-off versus Jakob Silfverberg in Abbotsford Heat zone.
19:57 of 3rd period - Wrist shot by Logan Stankoven.
19:57 of 3rd period - Shot Misses the Net.
Goals for this period are 0 for Tappara Tampere vs 3 for Abbotsford Heat.
Shots for this period are 7 for Tappara Tampere vs 15 for Abbotsford Heat.
Back to the Top